 Dungeon Crawl Stone Soup version 0.26-a0-690-gcb57259 (webtiles) character file.

Game seed: 14651390404459267713

92 Mopster the Chopper (level 4, -4/61 HPs)
             Began as a Minotaur Berserker on Oct 23, 2020.
             Was a Believer of Trog.
             Slain by a gnoll
             ... wielding a +0 halberd
              (6 damage)
             ... on level 3 of the Dungeon.
             The game lasted 00:04:44 (2416 turns).

Mopster the Chopper (Minotaur Berserker)            Turns: 2416, Time: 00:04:44

Health: -4/61      AC:  2    Str: 21    XL:     4   Next: 35%
Magic:  3/3        EV: 12    Int: 10    God:    Trog [**....]
Gold:   124        SH:  0    Dex: 11    Spells: 3/3 levels left

rFire    . . .     SeeInvis .   a - +0 hand axe
rCold    + . .     Faith    .   (no shield)
rNeg     . . .     Spirit   .   b - +0 animal skin
rPois    .         Reflect  .   (helmet restricted)
rElec    .         Harm     .   (no cloak)
rCorr    .         Rampage  .   (no gloves)
MR       .....     Rnd*Rage +   (no boots)
Stlth    ..........             (no amulet)
HPRegen  0.20/turn              l - +6 ring of intelligence
MPRegen  0.08/turn              h - ring of protection from cold

@: berserking (expiring), drained, very quick
A: retaliatory headbutt, claws 1, horns 2, berserk 1, sturdy frame 1
a: Berserk, Trog's Hand, Renounce Religion


You were on level 3 of the Dungeon.
You worshipped Trog.
Trog was pleased with you.
You visited 1 branch of the dungeon, and saw 3 of its levels.

You collected 124 gold pieces.

Inventory:

Hand Weapons
 a - a +0 hand axe (weapon)
Armour
 b - a +0 animal skin (worn)
Jewellery
 h - a ring of protection from cold (right claw)
 l - a +6 ring of intelligence (left claw)
Scrolls
 c - 2 scrolls of remove curse {unknown}
 d - a scroll of magic mapping
 e - a scroll of identify
 f - a scroll of noise {unknown}
 g - a scroll of blinking
 j - a scroll of enchant weapon


   Skills:
 + Level 4.5(3.8) Fighting
 + Level 5.2(4.5) Axes
 + Level 2.7(2.0) Armour
 + Level 2.8(2.1) Dodging


You had 3 spell levels left.
You didn't know any spells.
Your spell library was empty.

Dungeon Overview and Level Annotations

Branches:
Dungeon (3/15)

Altars:


Innate Abilities, Weirdness & Mutations

You reflexively headbutt those who attack you in melee.
You have a pair of horns on your head.
You have sharp fingernails.
You tend to lose your temper in combat.
Your movements are slightly less encumbered by armour. (ER -2)


Message History

a +0 spear; a gnoll corpse You are too injured to fight recklessly!
You are too injured to fight recklessly!
Unknown command.
You are too injured to fight recklessly!
You feel a strong urge to attack something.
Things that are here:
a +0 spear; a gnoll corpse You hit the gnoll.
The gnoll is moderately wounded.
You barely miss the gnoll.
The gnoll is moderately wounded.
The gnoll hits you with a +0 whip!
* * * LOW HITPOINT WARNING * * *
You slash the gnoll! You headbutt the gnoll.
You kill the gnoll!
Trog accepts your kill.
You closely miss the gnoll. The gnoll closely misses you.
The gnoll hits you from afar with a +0 halberd.
You die...

# ## .### ### #.#
.#..
.....#g########
.#.# #.gg@.....#
####### .#.#
#########.#
##...... .#.####
#.####...####
.#....###
######.##.........
.<........
(..........#...###.
.####.####
#######.......####.
..###.##
##########...
...#...## #...
....#.#.#####
#############...


You could see 3 gnolls.

Vanquished Creatures
  3 gnolls (D:3)
  An ooze (D:3)
  2 worms (D:2)
  3 dart slugs
  An orc (D:3)
  2 giant cockroaches (D:1)
  2 goblins
  6 hobgoblins
  3 jackals (D:2)
  A quokka (D:2)
  8 bats
  3 frilled lizards
  7 kobolds
  6 rats
48 creatures vanquished.

Vanquished Creatures (others)
  A plant (D:3)
1 creature vanquished.

Grand Total: 49 creatures vanquished

Notes
Turn   | Place    | Note
-------+----------+-------------------------------------------
     0 | D:1      | Mopster the Minotaur Berserker began the quest for the Orb.
     0 | D:1      | Reached XP level 1. HP: 19/19 MP: 0/0
   126 | D:1      | Reached XP level 2. HP: 17/27 MP: 1/1
   265 | D:1      | Reached skill level 4 in Axes
   792 | D:2      | Gained mutation: You tend to lose your temper in combat.
                  | [potion of mutation]
   792 | D:2      | Gained mutation: Your spells are a little harder to cast,
                  | but a little more powerful. [potion of mutation]
   863 | D:2      | Reached ** piety under Trog
   863 | D:2      | Reached XP level 3. HP: 26/33 MP: 2/2
  1319 | D:2      | Lost mutation: Your spells are a little harder to cast, but
                  | a little more powerful. [potion of mutation]
  1319 | D:2      | Gained mutation: You have sharp fingernails. [potion of
                  | mutation]
  1319 | D:2      | Gained mutation: Your movements are slightly less
                  | encumbered by armour. (ER -2) [potion of mutation]
  2406 | D:3      | Reached XP level 4. HP: 29/41 MP: 3/3
  2410 | D:3      | Reached skill level 5 in Axes
  2414 | D:3      | HP: 2/61 [gnoll/+0 whip (8)]
  2416 | D:3      | Slain by a gnoll

Illustrated notes

Levels and vault maps discovered:
D:1:      dpeg_arrival_arbitrary_a, layout_basic, serial_glass, glass_columns_b,
          glass_columns_a
D:2:      layout_basic, dk_noncrumbling_3
D:3:      layout_loops_ring, serial_bayou_pond_a, kennysheep_nub,
          corexii_item_surrounded_by_moat, minmay_tree_intersection,
          minmay_diced_spiral, uniq_robin

Skill      XL: |  1  2  3  4 |
---------------+-------------+-----
Axes           | 4 5 |  5.2
Fighting       | 4 |  4.5
Armour         | |  2.7
Dodging        | |  2.8

Action                   |  1- 3 |  4- 6 || total
-------------------------+-------+-------++-------
Melee: Hand axe          |    90 |     6 ||    96
       Headbutt          |    17 |     3 ||    20
Invok: Berserk           |     2 |     1 ||     3
  Use: Scroll            |     3 |       ||     3
       Potion            |     7 |       ||     7
 Stab: Sleeping          |     1 |       ||     1
Armor: Animal skin       |    15 |       ||    15
Dodge: Dodged            |    59 |     4 ||    63

Table legend: (Time is in decaauts)
 A = Elapsed time spent in this place.
 B = Non-inter-level travel time spent in this place.
 C = Inter-level travel time spent in this place.
 D = Time resting spent in this place.
 E = Time spent auto-exploring this place.
 F = Levels seen in this place.
 G = Mean time per level.
                   A        B        C        D        E       F      G
               +--------+--------+--------+--------+--------+-----+--------+
         Total |   2446 |   2334 |    112 |    218 |   1837 |   3 |  815.3 |
       Dungeon |   2446 |   2334 |    112 |    218 |   1837 |   3 |  815.3 |
               +--------+--------+--------+--------+--------+-----+--------+

Top non-repeatable levels by time:
     D:2: 1337 daAuts
     D:1: 791 daAuts
     D:3: 317 daAuts
